 Seeded DCSS version 0.30.1-9-gdf580d7c3d (webtiles) character file.

Game seed: 6351066067085065685 (custom seed)

520 Esekla the Magician (level 7, -4/36 HPs)
             Began as a Deep Elf Wanderer on Oct 23, 2023.
             Was a Believer of Vehumet.
             Slain by a gnoll
             ... wielding a +0 halberd
              (13 damage)
             ... on level 4 of the Dungeon.
             The game lasted 00:27:36 (3559 turns).

Esekla the Magician (Deep Elf Wanderer)             Turns: 3559, Time: 00:27:36

Health: -4/36      AC:  3    Str: 11    XL:     7   Next: 1%
Magic:  12/19      EV: 12    Int: 20    God:    Vehumet [**....]
Gold:   267        SH:  4    Dex: 14    Spells: 11/20 levels left

rFire   . . .        s - +5 rapier of the Hero {heavy, rN+ Dex+3}
rCold   . . .        d - +0 buckler
rNeg    + . .        c - +0 robe
rPois   .            k - +0 helmet
rElec   .            (no cloak)
rCorr   .            (no gloves)
SInv    .            (no boots)
Will    .....        y - amulet of magic regeneration
Stlth   ++           (no ring)
HPRegen 0.26/turn    (no ring)
MPRegen 0.56/turn

%: no passive effects
@: no status effects
A: no striking features
a: Renounce Religion


You were on level 4 of the Dungeon.
You worshipped Vehumet.
Vehumet was pleased with you.
You visited 1 branch of the dungeon, and saw 6 of its levels.

You collected 267 gold pieces.

Inventory:

Hand Weapons
 a - a +2 vampiric dagger
 r - a +0 trident
 s - the +5 rapier of the Hero (weapon) {heavy, rN+ Dex+3}
   (You found it on level 3 of the Dungeon)

   Dex:       It affects your dexterity (+3).
   rN:        It protects you from negative energy.
Missiles
 u - 4 poisoned darts (quivered)
Armour
 c - a +0 robe (worn)
 d - a +0 buckler (worn)
 k - a +0 helmet (worn)
Jewellery
 y - an amulet of magic regeneration (around neck)
Wands
 p - a wand of roots (16)
 C - a wand of flame (15)
Scrolls
 g - 4 scrolls of identify {unknown}
 m - a scroll of enchant armour {unknown}
 n - a scroll of amnesia {unknown}
 o - a scroll of immolation {unknown}
 q - 2 scrolls of blinking {unknown}
 t - 2 scrolls of fog {unknown}
 w - a scroll of silence {unknown}
 x - a scroll of magic mapping {unknown}
 z - a scroll of summoning {unknown}
 A - a scroll of enchant weapon {unknown}
 B - 2 scrolls of fear
Potions
 b - 2 potions of lignification
 e - a potion of ambrosia {unknown}
 f - 2 potions of attraction {unknown}
 h - a potion of heal wounds {unknown}
 i - 5 potions of curing {unknown}
 j - a potion of haste {unknown}
 l - a potion of mutation {unknown}
 v - 3 potions of brilliance {unknown}


   Skills:
 + Level 0.3 Short Blades
 + Level 1.5 Throwing
 * Level 2.5 Dodging
 + Level 2.2 Stealth
 + Level 1.7 Shields
 * Level 7.0 Spellcasting
 + Level 1.5 Conjurations
 * Level 4.1 Necromancy
 + Level 3.3 Translocations
 * Level 1.0 Fire Magic
 + Level 1.0 Invocations


You had 11 spell levels left.
You knew the following spells:

 Your Spells              Type           Power      Damage    Failure   Level
a - Magic Dart            Conj           52%        1d5       8%          1
b - Blink                 Tloc           40%        N/A       5%          2
d - Vampiric Draining     Necr           23%        2d7       8%          3
o - Scorch                Fire           22%        2d5       14%         2
p - Apportation           Tloc           40%        N/A       3%          1

Your spell library contained the following spells:

 Spells                   Type           Power      Damage    Failure   Level
 Lesser Beckoning         Tloc           40%        N/A       5%          2
 Gell's Gravitas          Tloc           20%        N/A       11%         3
 Teleport Other           Tloc           20%        N/A       11%         3
 Ignite Poison            Fire/Tmut/Pois 8%         N/A       34%         3
 Spider Form              Tmut/Pois      7%         N/A       38%         3
 Cause Fear               Hex            3%         N/A       80%         4
 Summon Mana Viper        Hex/Summ       7%         N/A       98%         5


Dungeon Overview and Level Annotations

Branches:
Dungeon (6/15)
 Temple: D:4-7

Altars:
Dithmenos
Hepliaklqana
Okawaru
Qazlal
Trog
Vehumet
Zin
The Shining One

Shops:
D:2 =

Annotations:
D:2 black bear


Message History

The poisoned dart barely misses the gnoll.
The poisoned dart hits the gnoll.
The gnoll looks even sicker.
The gnoll is lightly wounded.
You closely miss the gnoll. The gnoll hits you with a +0 flail.
The gnoll barely misses you.
The gnoll hits you from afar with a +0 halberd.
The gnoll completely misses you.
Casting: Vampiric Draining (dangerous; 8% risk of failure)
Confirm with . or Enter, or press ? or * to list all spells.
Aiming: Vampiric Draining (dangerous; 8% risk of failure)
Press: ? - help, Shift-Dir - straight line, f - gnoll, p - gnoll
Aim: a gnoll, wielding a +0 flail You draw life force from the gnoll.
You feel life coursing into your body.
The gnoll shouts!
The gnoll barely misses you. x2
You closely miss the gnoll.
The gnoll is heavily wounded.
The gnoll closely misses you.
The gnoll hits you from afar with a +0 halberd!
The gnoll barely misses you. The gnoll hits you but does no damage.
Casting: Vampiric Draining (dangerous; 8% risk of failure)
Confirm with . or Enter, or press ? or * to list all spells.
Aiming: Vampiric Draining (dangerous; 8% risk of failure)
Press: ? - help, Shift-Dir - straight line, f/p - gnoll
Aim: a gnoll, wielding a +0 flail (moderately wounded)
You draw life force from the gnoll.
You feel life coursing into your body. The gnoll hits you with a +0 flail!
The gnoll hits you from afar with a +0 halberd!
* * * LOW HITPOINT WARNING * * *
Casting: Vampiric Draining (dangerous; 8% risk of failure)
Confirm with . or Enter, or press ? or * to list all spells.
Aiming: Vampiric Draining (dangerous; 8% risk of failure)
Press: ? - help, Shift-Dir - straight line, f/p - gnoll
Aim: a gnoll, wielding a +0 flail (heavily wounded)
You draw life force from the gnoll!
You kill the gnoll!
Vehumet accepts your kill.
You feel life coursing into your body.
The gnoll hits you from afar with a +0 halberd!
You die...

####### #.....# #@# #)#
#g# #g# # #(### #
##+###...# # ......##.#
######### ......
#.######.......#
......##.##...........'


You could see 2 gnolls.

Vanquished Creatures
  2 scorpions (D:5)
  3 hounds
  4 iguanas
  7 gnolls
  8 adders
  A white imp (D:5)
  A worm (D:4)
  3 dart slugs
  9 orcs
  4 endoplasms
  8 goblins
  5 hobgoblins
  A quokka (D:1)
  6 ball pythons
  4 bats
  4 frilled lizards
  5 kobolds
  A rat (D:2)
76 creatures vanquished.

Notes
Turn   | Place    | Note
-------+----------+-------------------------------------------
     0 | D:1      | Esekla the Deep Elf Wanderer began the quest for the Orb.
     0 | D:1      | Esekla set off with the following items: a +0 club, a
                  | potion of lignification, a +0 robe, a +0 buckler; and the
                  | following spells available to memorise: Apportation, Blink,
                  | Lesser Beckoning, Magic Dart, Ignite Poison, Vampiric
                  | Draining.
     0 | D:1      | Reached XP level 1. HP: 10/10 MP: 7/7
     2 | D:1      | Learned a level 1 spell: Magic Dart
     4 | D:1      | Learned a level 1 spell: Apportation
   255 | D:2      | Found Renulab's Jewellery Shop.
   456 | D:4      | Found a radiant altar of Vehumet.
   464 | D:4      | Found an iron altar of Okawaru.
   475 | D:4      | Found a glowing silver altar of Zin.
   621 | D:4      | Became a worshipper of Vehumet
   794 | D:3      | Reached XP level 2. HP: 14/15 MP: 6/9
   797 | D:3      | Learned a level 2 spell: Blink
  1035 | D:3      | Identified the +5 rapier of the Hero {heavy, rN+ Dex+3}
  1207 | D:1      | Reached skill level 1 in Necromancy
  1207 | D:1      | Reached XP level 3. HP: 19/19 MP: 11/11
  1211 | D:1      | Learned a level 3 spell: Vampiric Draining
  1238 | D:1      | Reached skill level 5 in Spellcasting
  1251 | D:1      | Reached * piety under Vehumet
  1251 | D:1      | Offered knowledge of Shock by Vehumet.
  1473 | D:1      | Reached skill level 1 in Dodging
  1616 | D:2      | Noticed a black bear
  1776 | D:2      | Reached XP level 4. HP: 6/24 MP: 3/13
  1870 | D:2      | Reached skill level 1 in Conjurations
  1907 | D:2      | Found a faded altar of an unknown god.
  1940 | D:2      | Reached skill level 1 in Throwing
  2275 | D:3      | Found a stormy altar of Qazlal.
  2295 | D:3      | Reached XP level 5. HP: 17/28 MP: 3/15
  2388 | D:3      | Found a bloodstained altar of Trog.
  2391 | D:3      | Found a hazy altar of Hepliaklqana.
  2623 | D:5      | Entered Level 5 of the Dungeon
  2626 | D:5      | Got the Parchment of the Lumpy Olives
  2654 | D:5      | Found a shadowy altar of Dithmenos.
  2708 | D:5      | Offered knowledge of Scorch by Vehumet.
  2712 | D:5      | Learned a level 2 spell: Scorch
  2742 | D:5      | Reached ** piety under Vehumet
  2743 | D:5      | Reached skill level 6 in Spellcasting
  2769 | D:5      | Reached XP level 6. HP: 28/32 MP: 9/17
  3211 | D:5      | Reached skill level 1 in Fire Magic
  3507 | D:4      | Found a glowing golden altar of the Shining One.
  3515 | D:4      | Reached skill level 7 in Spellcasting
  3517 | D:4      | Reached XP level 7. HP: 27/36 MP: 8/19
  3559 | D:4      | Slain by a gnoll

Illustrated notes

Levels and vault maps discovered:
D:1:      sevenhm_arrival_forest_fort_small_3, layout_rooms,
          chequers_serial_rivers_room_b, minmay_misc_feat_five
D:2:      layout_loops_ring, dreamdust_ecumenical_altar_angels_and_demons,
          serial_shops, shop
D:3:      layout_basic, grunt_temple_overflow_open, minmay_misc_feat_iff
D:4:      layout_basic, nicolae_overflow_quartered_altars, serial_shops,
          nicolae_diamond_shop
D:5:      layout_loops_ring, lemuel_doored_altar, minmay_misc_feat_rows,
          dreamdust_wishing_well
D:6:      layout_loops_cross, fedhas_altar_fruit_tree,
          minmay_temple_entry_glass, uniq_pikel, uniq_blork_the_orc

Skill      XL: |  1  2  3  4  5  6 |
---------------+-------------------+-----
Necromancy     | 1 2 3 4 |  4.1
Spellcasting   | 5 6 7 |  7.0
Dodging        | 1 2 |  2.5
Conjurations   | 1 |  1.5
Throwing       | 1 |  1.5
Translocations | 3 |  3.3
Fire Magic     | 1 |  1.0
Stealth        | 2 |  2.2
Short Blades   | |  0.3
Shields        | |  1.7
Invocations    | |  1.0

Action                     |  1- 3 |  4- 6 |  7- 9 || total
---------------------------+-------+-------+-------++-------
  Melee: Short sword       |    12 |       |       ||    12
         Rapier            |    22 |    43 |     2 ||    67
         Dagger            |       |     7 |       ||     7
  Throw: Dart              |       |    11 |     2 ||    13
   Cast: Apportation       |    28 |    29 |       ||    57
         Magic Dart        |    63 |    41 |       ||   104
         Vampiric Draining |     4 |    18 |     3 ||    25
         Blink             |     1 |     1 |       ||     2
    Use: Scroll            |     1 |       |       ||     1
   Stab: Sleeping          |     1 |     6 |       ||     7
 Armour: Robe              |    10 |    13 |     1 ||    24
  Dodge: Dodged            |    30 |    36 |     6 ||    72
  Block: Buckler           |     8 |    13 |       ||    21
